 Dungeon Crawl Stone Soup version 0.30-a0-219-gf2db51d15e (webtiles) character file.

Game seed: 395911995760568007

88 Morbidden the Ogre Mage (level 4, -3/40 HPs)
             Began as an Ogre Hedge Wizard on Oct 6, 2022.
             Slain by a white imp (5 damage)
             ... on level 6 of the Dungeon.
             The game lasted 00:05:10 (3705 turns).

Morbidden the Ogre Mage (Ogre Hedge Wizard)         Turns: 3705, Time: 00:05:11

Health: -3/40      AC:  4    Str: 14    XL:     4   Next: 54%
Magic:  1/10       EV:  9    Int: 17    God:
Gold:   142        SH:  0    Dex:  8    Spells: 7/12 levels left

rFire   . . .      SeeInvis .    a - +0 club
rCold   . . .      Faith    .    (no shield)
rNeg    . . .      Spirit   .    b - +0 robe
rPois   .          Reflect  .    c - +0 hat
rElec   .          Harm     .    k - +0 cloak
rCorr   .          Rampage  .    (gloves unavailable)
Will    +....                    (boots unavailable)
Stlth   +.........               (no amulet)
HPRegen 0.26/turn                p - ring of willpower
MPRegen 0.12/turn                (no ring)

@: no status effects
A: large, unfitting armour, tough skin 1
a: no special abilities


You were on level 6 of the Dungeon.
You visited 1 branch of the dungeon, and saw 4 of its levels.

You collected 142 gold pieces.

Inventory:

Hand Weapons
 a - a +0 club (weapon)
Armour
 b - a +0 robe (worn)
 c - a +0 hat (worn)
 j - the +0 robe of Sophism {rF++ Str-3}
   (You found it on level 2 of the Dungeon)

   Str:       It affects your strength (-3).
   rF:        It greatly protects you from fire.
 k - a +0 cloak (worn)
 n - an orb of light
Jewellery
 p - a ring of willpower (left hand)
Scrolls
 e - a scroll of butterflies {unknown}
 g - 3 scrolls of identify {unknown}
 h - a scroll of immolation {unknown}
 i - a scroll of vulnerability {unknown}
 q - a scroll of torment {unknown}
Potions
 d - a potion of magic
 f - a potion of brilliance {unknown}
 m - a potion of curing {unknown}


   Skills:
 * Level 0.8 Fighting
 * Level 0.4 Maces & Flails
 * Level 1.8 Dodging
 + Level 1.4 Stealth
 * Level 4.8 Spellcasting
 * Level 1.7 Conjurations
 + Level 1.4 Summonings
 * Level 1.3 Translocations


You had 7 spell levels left.
You knew the following spells:

 Your Spells              Type           Power      Damage    Failure   Level
a - Magic Dart            Conj           36%        1d4       7%          1
b - Iskenderun's Mystic   Conj/Tloc      9%         2d4       61%         4

Your spell library contained the following spells:

 Spells                   Type           Power      Damage    Failure   Level
 Call Imp                 Summ           9%         N/A       12%         2
 Blink                    Tloc           16%        N/A       13%         2
 Slow                     Hex            16%        N/A       14%         1
 Cigotuvi's Dreadful Rot  Necr/Pois/Air  8%         N/A       22%         2
 Mephitic Cloud           Conj/Pois/Air  6%         N/A       34%         3
 Kindle Blastsparks       Fire/Tloc/Air  10%        2d10      36%         3
 Ozocubu's Armour         Ice            4%         N/A       41%         3
 Fulminant Prism          Conj/Hex       3%         3d6       71%         4
 Lee's Rapid Deconstruct  Erth           2%         3d5*      99%         5
 Metabolic Englaciation   Hex/Ice        2%         N/A       99%         5
 Simulacrum               Ice/Necr       2%         N/A       100%        6


Dungeon Overview and Level Annotations

Branches:
Dungeon (3/15)

Altars:
Makhleb

Shops:
D:3 (?!:


Innate Abilities, Weirdness & Mutations

You are too large for most types of armour.
You have tough skin. (AC +1)


Message History

You don't have enough magic to cast this spell.
Unknown command.
You are too injured to fight recklessly!
You are too injured to fight recklessly!
You are too injured to fight recklessly!
You are too injured to fight recklessly!
Unknown command.
You are too injured to fight recklessly!
Unknown command.
You are too injured to fight recklessly!
You hit the white imp but do no damage.
The white imp is moderately wounded.
The white imp gestures at you. The puff of frost hits you!
* * * LOW HITPOINT WARNING * * *
You hit the white imp but do no damage.
The white imp is moderately wounded.
The white imp hits you but does no damage.
Unknown command.
You hit the white imp.
The white imp is heavily wounded.
The white imp gestures at you. The puff of frost hits you!
* * * LOW HITPOINT WARNING * * *
You hit the white imp.
The white imp is severely wounded.
The white imp hits you.
* * * LOW HITPOINT WARNING * * *
The white imp freezes you.
* * * LOW HITPOINT WARNING * * *
The white imp hits you but does no damage.
You hit the white imp.
The white imp is almost dead.
The white imp hits you but does no damage.
You hit the white imp but do no damage.
The white imp is almost dead.
The white imp hits you.
* * * LOW HITPOINT WARNING * * *
The white imp freezes you.
You die...

... #.# ... #.#
.. ..# ....# .
.#.#### ...
.....###
....####5.....#
#......@# .#.#
#.......##.#.#
#..####.#..#.#
# #.#.##.#
#.#.##.#
#......#
###.#### #.#
##.##


You could see a white imp.

Vanquished Creatures
  2 adders (D:2)
  A worm (D:2)
  2 dart slugs
  3 orcs (D:3)
  6 ball pythons
  5 endoplasms
  A giant cockroach (D:3)
  6 hobgoblins
  3 jackals (D:3)
  5 kobolds
  9 bats
  4 frilled lizards
  3 goblins
  9 rats
59 creatures vanquished.

Notes
Turn   | Place    | Note
-------+----------+-------------------------------------------
     0 | D:1      | Morbidden the Ogre Hedge Wizard began the quest for the
                  | Orb.
     0 | D:1      | Reached XP level 1. HP: 16/16 MP: 5/5
   200 | D:1      | Reached skill level 4 in Spellcasting
   208 | D:1      | Reached XP level 2. HP: 26/26 MP: 0/7
   455 | D:1      | Reached skill level 1 in Summonings
   798 | D:1      | Reached skill level 1 in Translocations
  1142 | D:2      | Identified the +0 robe of Sophism {rF++ Str-3}
  1261 | D:2      | Reached XP level 3. HP: 32/32 MP: 5/8
  1387 | D:2      | Found a burning altar of Makhleb.
  1552 | D:2      | Reached skill level 1 in Conjurations
  2114 | D:2      | Reached XP level 4. HP: 38/40 MP: 2/10
  2230 | D:3      | Noticed a water moccasin
  2239 | D:2      | Learned a level 4 spell: Iskenderun's Mystic Blast
  2840 | D:3      | Found Ruod's Distillery.
  2908 | D:3      | Found Rufriox's Magic Scroll Emporium.
  2908 | D:3      | Found Guina's Antique Weapon Shoppe.
  2955 | D:3      | Found Feummuit's Book Boutique.
  2996 | D:3      | Found a faded altar of an unknown god.
  3543 | D:3      | Noticed a scorpion
  3571 | D:3      | You fall into a shaft and drop 3 floors!
  3703 | D:6      | HP: 2/40 [white imp (2)]
  3705 | D:6      | Slain by a white imp

Illustrated notes

Levels and vault maps discovered:
D:1:      noname_arrival_rooms_in_the_neighbourhood, layout_loops_ring
D:2:      layout_rooms, basic_altar, serial_park_tiny_1, dk_noncrumbling_3,
          grunt_decor_mini_mirrors, grunt_ministairs_11,
          hangedman_abyss_or_decor_lesser_grid, minmay_misc_feat_roman,
          chequers_serial_rivers_small_a
D:3:      layout_loops_ring, serial_shops, shop, shop, shop, shop_fountains,
          hellmonk_ecumenical_altar_slurped_away
D:6:      layout_loops_cross, nicolae_qazlal_style_of_elements,
          mainiacjoe_overflow_boulevard

Skill      XL: |  1  2  3 |
---------------+----------+-----
Spellcasting   | 4 |  4.8
Summonings     | 1 |  1.4
Translocations | 1 |  1.3
Conjurations   | 1 |  1.7
Fighting       | |  0.8
Maces & Flails | |  0.4
Dodging        | |  1.8
Stealth        | |  1.4

Action                   |  1- 3 |  4- 6 || total
-------------------------+-------+-------++-------
Melee: Unarmed           |     3 |       ||     3
       Dagger            |     1 |       ||     1
       Club              |     9 |    34 ||    43
 Cast: Magic Dart        |    94 |    95 ||   189
  Use: Potion            |       |     4 ||     4
Armor: Robe              |    15 |    33 ||    48
Dodge: Dodged            |    23 |    35 ||    58

Table legend: (Time is in decaauts)
 A = Elapsed time spent in this place.
 B = Non-inter-level travel time spent in this place.
 C = Inter-level travel time spent in this place.
 D = Time resting spent in this place.
 E = Time spent auto-exploring this place.
 F = Levels seen in this place.
 G = Mean time per level.
                   A        B        C        D        E       F      G
               +--------+--------+--------+--------+--------+-----+--------+
         Total |   3700 |   3562 |    138 |    327 |   2785 |   4 |  925.0 |
       Dungeon |   3700 |   3562 |    138 |    327 |   2785 |   4 |  925.0 |
               +--------+--------+--------+--------+--------+-----+--------+

Top non-repeatable levels by time:
     D:2: 1540 daAuts
     D:1: 1120 daAuts
     D:3: 918 daAuts
     D:6: 122 daAuts
